AoeStats
← beni-j-i

MegaRandom

509174186Analyzed
2v2 RM · 5d ago on Sep 25, 2026· 23m 55s· 4 players
Game mode
Random Map
Map size
Medium (4 player)
Population
200
Speed
Normal
Resources
Standard
Victory
Conquest
Starting age
Dark Age
Ending age
Imperial Age
RankedLock teamsTeams togetherTeam positionsShared explorationLock speedFull tech treeHidden civsTurbo modeCheats
Victory
Defeat
🇪🇸 Saxons · Spain
1094
+16
🇬🇧 Varangians · United Kingdom
1081
+16
🇨🇭 Tupi · Switzerland
1124
-17
🇲🇽 Teutons · Mexico
1060
-15
OBrien11
0:30 Loom
10:28 Feudal Age
11:50 Wheelbarrow
11:03 Double-Bit Axe
18:12 Castle Age
16:20 Gold Mining
16:28 Horse Collar
17:49 Forging
18:03 Scale Mail Armor
19:06 Bow Saw
19:34 Heavy Plow
20:45 Bloodlines
21:08 Husbandry
21:07 Stone Mining
23:00 Gambesons
23:24 Squires
konron4880
9:47 Loom
12:25 Feudal Age
13:26 Double-Bit Axe
13:35 Town Watch
16:13 Castle Age
14:53 Scale Mail Armor
14:52 Horse Collar
16:20 Forging
17:26 Gold Mining
17:48 Bow Saw
18:59 Squires
19:49 Chain Mail Armor
19:38 Stone Mining
23:53 Wheelbarrow
23:38 Arson
24:07 Heavy Plow
Thorin escudo de Roble
beni-j-i
6:14 Loom
9:18 Feudal Age
9:53 Double-Bit Axe
9:49 Horse Collar
12:00 Gold Mining
13:28 Fletching
14:41 Padded Archer Armor
Connection lost

Rejoining the realm…

Still unreachable

The connection could not be restored.

Session expired

The server has moved on; the page needs a fresh start.